 Dungeon Crawl Stone Soup version 0.20-a0-150-g0ef8409 (webtiles) character file.

18675 PurpleRed the Severer (level 12, 0/110 HPs)
             Began as a Minotaur Wanderer on Nov 21, 2016.
             Was a High Priest of Okawaru.
             Hit by a large rock thrown by a cyclops (29 damage)
             ... on level 12 of the Dungeon.
             The game lasted 00:26:37 (13180 turns).

PurpleRed the Severer (Minotaur Wanderer)          Turns: 13180, Time: 00:26:37

Health: 0/110      AC: 19    Str: 20    XL:     12   Next: 29%
Magic:  17/17      EV:  7    Int: 11    God:    Okawaru [*****.]
Gold:   645        SH:  0    Dex: 14    Spells: 11/11 levels left

rFire  . . .     SeeInvis +     W - +1 broad axe (drain)
rCold  . . .     Gourm    .     B - +0 plate armour
rNeg   . . .     Faith    .     (no shield)
rPois  +         Spirit   .     j - +0 hat "Ciohutt" {Regen+ SInv}
rElec  .         Reflect  .     F - +1 cloak {rPois}
rCorr  .         Harm     .     z - +0 pair of gloves
MR     .....                    H - +1 pair of boots
Stlth  ..........               (no amulet)
                                (no ring)
                                C - +4 ring of dexterity

@: no status effects
A: retaliatory headbutt, horns 2
a: Heroism, Finesse, Renounce Religion


You were on level 12 of the Dungeon.
You worshipped Okawaru.
Okawaru was extremely pleased with you.
You were not hungry.

You visited 1 branch of the dungeon, and saw 12 of its levels.

You collected 645 gold pieces.

Inventory:

Hand Weapons
 s - a +1 antimagic dire flail
 U - a cursed +1 spear of freezing
 W - a +1 broad axe of draining (weapon)
Missiles
 S - 3 javelins of returning (quivered)
Armour
 a - the +1 pair of boots "Vearicuf" {rElec rF- Stlth+}
   (Okawaru gifted it to you on level 10 of the Dungeon)

   It makes you vulnerable to fire.
   It insulates you from electricity.
   It makes you more stealthy.
 j - the +0 hat "Ciohutt" (worn) {Regen+ SInv}
   (Okawaru gifted it to you on level 11 of the Dungeon)

   It lets you see invisible.
   It increases your rate of regeneration.
 z - a +0 pair of gloves (worn)
 B - a +0 plate armour (worn)
 F - a +1 cloak of poison resistance (worn)
 H - a +1 pair of boots (worn)
Jewellery
 c - an uncursed ring of ice
 C - a +4 ring of dexterity (left hand)
 D - an uncursed ring of wizardry
Wands
 e - a wand of polymorph (11/24)
 q - a wand of disintegration (15/24)
 v - a wand of teleportation (5/9)
 E - a wand of iceblast (6/15)
 N - a wand of digging (23/24)
Scrolls
 b - 5 scrolls of teleportation
 g - 2 scrolls of magic mapping
 h - 3 scrolls of immolation
 i - 2 scrolls of enchant weapon
 o - 2 scrolls of enchant armour
 r - 2 scrolls of blinking
 x - 7 scrolls of remove curse
 y - a scroll of fog
 R - 2 scrolls of recharging
Potions
 k - 4 potions of brilliance
 l - a potion of heal wounds
 p - 3 potions of resistance
 t - a potion of cure mutation
 A - 3 potions of might
 G - 3 potions of haste
 I - 3 potions of lignification
 J - a potion of flight {unknown}
 K - 4 potions of curing
 L - a potion of ambrosia {unknown}
 Q - 2 potions of berserk rage
 T - 2 potions of invisibility {unknown}
Comestibles
 f - 5 bread rations
 m - 7 meat rations
 n - 5 beef jerkies
 u - 3 chunks of flesh


   Skills:
 + Level 11.5 Fighting
 + Level 16.3 Axes
   Level 4.8 Staves
 - Level 1.0 Throwing
 - Level 8.0 Armour
 - Level 1.1 Dodging
 + Level 8.4 Invocations
 - Level 1.0 Evocations


You had 11 spell levels left.
You didn't know any spells.

Dungeon Overview and Level Annotations

Branches:
Dungeon (12/15)            Temple (0/1) D:7            Lair (0/6) D:8
    Orc (0/2) D:10

Altars:
Cheibriados
Elyvilon
Fedhas
Hepliaklqana
Makhleb
Nemelex Xobeh
Okawaru
Qazlal
Ru
Sif Muna
Uskayaw
Vehumet
Zin
The Shining One
Beogh

Shops:
D:6 :

Annotations:
D:8 Psyche


Innate Abilities, Weirdness & Mutations

You reflexively headbutt those who attack you in melee.
You have a pair of horns on your head.


Message History

You are too injured to fight recklessly!
You are too injured to fight recklessly!
You are too injured to fight recklessly!
You are too injured to fight recklessly!
You are too injured to fight recklessly!
You are too injured to fight recklessly!
You are too injured to fight recklessly!
You are too injured to fight recklessly!
You are too injured to fight recklessly!
You are too injured to fight recklessly!
You are too injured to fight recklessly!
You are too injured to fight recklessly!
You are too injured to fight recklessly!
You are too injured to fight recklessly!
You are too injured to fight recklessly!
You are too injured to fight recklessly!
Things that are here:
a large rock; an arrow The cyclops throws a large rock.
The large rock hits you!!
You die...

#......#..........
#..C...#..........
#.....(###........
#.....).(#........
#......((##.......
..#####..)(((().#.......
........((...)(.#.......
........(.......'.......
.#####@###....##.......
#....)).#....#........
+.......#....#####+###
#.......#...... ......
#.......#...... ......
#.......#...... ......
###'###'# ...... .. ..
...... ..####


You could see a cyclops.

Vanquished Creatures
  Fannar (D:10)
  Erica (D:8)
  The ghost of Killer1 the Carver, a novice MiBe of Trog (D:10)
  2 death yaks
  An unseen horror (D:11)
  2 hill giants (D:10)
  A wolf spider zombie (D:12)
  2 cyclopes
  A manticore (D:10)
  Maurice (D:8)
  A komodo dragon (D:11)
  A troll (D:12)
  Prince Ribbit (D:9)
  A two-headed ogre (D:11)
  A hippogriff (D:12)
  A wraith (D:11)
  A wyvern (D:10)
  16 yaks
  2 hungry ghosts
  Grum (D:8)
  2 steam dragons
  Edmund (D:5)
  Duvessa (D:7)
  7 sky beasts
  5 orc warriors
  A hornet zombie (D:8)
  A phantom (D:6)
  2 ice beasts
  A necrophage (D:8)
  12 centaurs
  9 ogres
  2 wolves (D:8)
  3 big kobolds
  8 bullfrogs
  Dowan (D:7)
  A wyvern skeleton (D:9)
  A water moccasin zombie (D:7)
  4 scorpions
  14 killer bees
  6 howler monkeys
  9 wights
  2 electric eels (D:9)
  A bullfrog zombie (D:9)
  7 crimson imps
  2 centaur zombies
  11 hounds
  A quasit (D:10)
  3 jellies
  2 centaur skeletons
  10 orc priests
  3 bullfrog skeletons
  4 orc wizards
  2 iguanas
  5 worker ants
  2 hound zombies (D:6)
  Robin (D:4)
  2 worker ant zombies
  13 adders
  3 shadow imps
  3 oozes
  An adder zombie (D:6)
  2 adder skeletons
  3 worms (D:2)
  2 dart slugs
  5 leopard geckos
  40 orcs
  3 giant cockroaches
  13 goblins
  13 hobgoblins
  5 jackals
  4 quokkas
  8 bats
  2 frilled lizards (D:1)
  22 kobolds
  3 quokka skeletons
  2 rats (D:3)
335 creatures vanquished.

Notes
Turn   | Place    | Note
-------+----------+-------------------------------------------
     0 | D:1      | PurpleRed the Minotaur Wanderer began the quest for the Orb.
     0 | D:1      | PurpleRed set off with: a +2 quarterstaff, a scroll of teleportation, 8 poisoned needles, a +0 blowgun, a +0 robe, a bread ration
     0 | D:1      | Reached XP level 1. HP: 18/18 MP: 0/0
   203 | D:1      | Reached XP level 2. HP: 24/26 MP: 1/1
   822 | D:2      | Reached XP level 3. HP: 34/34 MP: 2/2
  1001 | D:2      | Found a snail-covered altar of Cheibriados.
  1197 | D:2      | Reached skill level 5 in Fighting
  1477 | D:3      | Reached XP level 4. HP: 42/42 MP: 3/3
  1489 | D:3      | Noticed an ogre
  1494 | D:3      | Killed an ogre
  1494 | D:3      | Reached XP level 5. HP: 42/51 MP: 4/4
  1644 | D:3      | Found a deep blue altar of Sif Muna.
  1747 | D:3      | Reached skill level 1 in Armour
  2262 | D:4      | Noticed an ogre
  2267 | D:4      | Noticed an ogre
  2269 | D:4      | Killed an ogre
  2269 | D:4      | Reached XP level 6. HP: 56/58 MP: 5/5
  2277 | D:4      | Reached skill level 5 in Armour
  2334 | D:4      | Reached skill level 2 in Axes
  2338 | D:4      | Noticed Robin
  2350 | D:4      | Killed Robin
  2371 | D:4      | Reached skill level 3 in Axes
  2526 | D:4      | Reached XP level 7. HP: 62/64 MP: 6/6
  2616 | D:4      | Found a sparkling altar of Nemelex Xobeh.
  2626 | D:4      | Reached skill level 4 in Axes
  2928 | D:4      | Reached skill level 5 in Axes
  3197 | D:5      | Entered Level 5 of the Dungeon
  3283 | D:5      | Reached skill level 6 in Axes
  3390 | D:5      | Reached skill level 7 in Axes
  3513 | D:5      | Found an iron altar of Okawaru.
  3543 | D:5      | Became a worshipper of Warmaster Okawaru
  3730 | D:5      | Reached XP level 8. HP: 71/71 MP: 7/7
  3874 | D:5      | Reached skill level 8 in Axes
  3890 | D:5      | Noticed Edmund
  3939 | D:5      | Killed Edmund
  4099 | D:5      | Reached skill level 9 in Axes
  4418 | D:6      | Reached * piety under Okawaru
  4477 | D:6      | Reached skill level 10 in Axes
  4603 | D:6      | Found a glowing golden altar of the Shining One.
  4605 | D:6      | Found a white marble altar of Elyvilon.
  4627 | D:6      | Found Zysazut's Book Emporium.
  4751 | D:6      | Reached skill level 11 in Axes
  4801 | D:6      | Found a hazy altar of Hepliaklqana.
  5110 | D:6      | Reached ** piety under Okawaru
  5110 | D:6      | Reached XP level 9. HP: 62/78 MP: 8/8
  5308 | D:7      | Found a radiant altar of Vehumet.
  5502 | D:7      | Noticed Duvessa
  5502 | D:7      | Noticed Dowan
  5514 | D:7      | Killed Duvessa
  5591 | D:7      | Killed Dowan
  5591 | D:7      | Reached skill level 12 in Axes
  5872 | D:7      | Found a sacrificial altar of Ru.
  5875 | D:7      | Found a staircase to the Ecumenical Temple.
  6407 | D:8      | Found a staircase to the Lair.
  6407 | D:8      | Noticed a death yak
  6407 | D:8      | Noticed a death yak
  6408 | D:8      | Noticed a death yak
  6414 | D:8      | Noticed Psyche
  6535 | D:7      | Killed a death yak
  6535 | D:7      | Reached *** piety under Okawaru
  6535 | D:7      | Reached skill level 13 in Axes
  6745 | D:8      | Reached skill level 1 in Invocations
  6752 | D:8      | Killed a death yak
  6752 | D:8      | Reached **** piety under Okawaru
  6752 | D:8      | Reached skill level 14 in Axes
  6752 | D:8      | Reached XP level 10. HP: 38/86 MP: 6/10
  7049 | D:8      | Found a glowing silver altar of Zin.
  7089 | D:8      | Noticed Erica
  7109 | D:8      | Killed Erica
  7127 | D:8      | Noticed Maurice
  7522 | D:8      | Noticed Grum
  7536 | D:8      | Killed Grum
  7765 | D:8      | Found a blossoming altar of Fedhas.
  7843 | D:8      | Got a jewelled dagger {flame}
  7997 | D:8      | Found a burning altar of Makhleb.
  8015 | D:8      | Killed Maurice
  8153 | D:8      | Found a stormy altar of Qazlal.
  8579 | D:9      | Received a gift from Okawaru
  9083 | D:9      | Noticed Prince Ribbit
  9100 | D:9      | Killed Prince Ribbit
  9183 | D:9      | Noticed a cyclops
  9194 | D:9      | Killed a cyclops
  9194 | D:9      | Reached XP level 11. HP: 93/95 MP: 10/13
  9215 | D:9      | Found a hide-covered altar of Uskayaw.
  9241 | D:9      | Reached ***** piety under Okawaru
  9382 | D:9      | Reached skill level 5 in Invocations
  9530 | D:10     | Entered Level 10 of the Dungeon
  9542 | D:10     | Noticed a hill giant
  9550 | D:10     | Killed a hill giant
  9884 | D:10     | Reached skill level 15 in Axes
 10077 | D:10     | Received a gift from Okawaru
 10096 | D:10     | Got a pair of brightly glowing boots {god gift}
 10107 | D:10     | Identified the +1 pair of boots "Vearicuf" {rElec rF- Stlth+} (Okawaru gifted it to you on level 10 of the Dungeon)
 10157 | D:10     | Noticed Fannar
 10181 | D:10     | Killed Fannar
 10491 | D:10     | Found a staircase to the Orcish Mines.
 10532 | D:10     | Reached skill level 10 in Fighting
 10552 | D:10     | Noticed Killer1's ghost (novice MiBe)
 10806 | D:10     | Killed Killer1's ghost
 10853 | D:10     | Noticed a hill giant
 11060 | D:10     | Killed a hill giant
 11432 | D:10     | Found a roughly hewn altar of Beogh.
 12222 | D:11     | Reached XP level 12. HP: 50/110 MP: 13/16
 12317 | D:11     | Reached skill level 16 in Axes
 12550 | D:11     | Received a gift from Okawaru
 12554 | D:11     | Got a crude hat {god gift}
 12565 | D:11     | Identified the +0 hat "Ciohutt" {Regen+ SInv} (Okawaru gifted it to you on level 11 of the Dungeon)
 13180 | D:12     | Hit by a large rock thrown by a cyclops

Vault maps used:
D:1:      dpeg_arrival_concentric_ovals, dk_noncrumbling_3
D:2:      lemuel_round_altar, minivault_26, minmay_misc_feat_plants
D:3:      led_sif_book, nicolae_underground_beach
D:4:      nemelex_xobeh_ov_fountains_minmay, first_bread, uniq_robin
D:5:      kennysheep_steamy, okawaru_trees_2, uniq_edmund
D:6:      grunt_temple_overflow_open, lemuel_coloured_pillars_altar,
          serial_shops, shop
D:7:      overflow_temple_1_default, lemuel_doored_altar, uniq_duvessa
D:8:      kennysheep_mini, bloody_makhleb, kennysheep_mini_moat,
          old_standard_altar, dpeg_lair_monsters, uniq_psyche, uniq_maurice,
          uniq_erica, uniq_grum
D:9:      kennysheep_little_box, uniq_prince_ribbit1
D:10:     minmay_orc_entry_temple_small, uniq_fannar

Skill      XL: |  1  2  3  4  5  6  7  8  9 10 11 12 |
---------------+-------------------------------------+-----
Fighting       | 3 4 5 6 7 8 11 | 11.5
Armour         | 3 5 8 |  8.0
Axes           | 3 7 11 14 15 16 | 16.3
Invocations    | 2 4 7 8 |  8.4
Staves         | |  4.8
Throwing       | |  1.0
Dodging        | |  1.1
Evocations     | |  1.0

Action                   |  1- 3 |  4- 6 |  7- 9 | 10-12 || total
-------------------------+-------+-------+-------+-------++-------
Melee: Quarterstaff      |    64 |    87 |    80 |       ||   231
       Headbutt          |     8 |    10 |    72 |   113 ||   203
       Club              |       |     3 |     4 |       ||     7
       War axe           |       |       |   256 |   209 ||   465
       Punch             |       |       |     2 |     1 ||     3
       Broad axe         |       |       |       |   353 ||   353
Throw: Javelin           |       |       |       |     4 ||     4
Invok: Heroism           |       |       |     4 |    10 ||    14
Evoke: Wand              |       |       |       |     1 ||     1
  Use: Scroll            |       |       |    18 |     6 ||    24
  Eat: Chunk             |     2 |     3 |    11 |    18 ||    34
       Fruit             |       |       |     3 |     1 ||     4
       Royal jelly       |       |       |     2 |       ||     2
       Pizza             |       |       |       |     2 ||     2
Armor: Robe              |     8 |       |       |       ||     8
       Leather armour    |     1 |       |       |       ||     1
       Plate armour      |       |    57 |   205 |   395 ||   657
Dodge: Dodged            |    45 |    31 |   100 |   160 ||   336
